 Dungeon Crawl Stone Soup version 0.25-a0-424-g80bd347ae0 (webtiles) character file.

Game seed: 16882733006790681218, levelgen mode: deterministic

47469 TheCyberMonk the Blocker (level 14, -4/88 HPs)
             Began as a Gargoyle Fighter on Jan 21, 2020.
             Was a Priest of Trog.
             Slain by an azure jelly (10 damage)
             ... on level 3 of the Pits of Slime.
             The game lasted 02:06:42 (17141 turns).

TheCyberMonk the Blocker (Gargoyle Fighter)        Turns: 17141, Time: 02:06:45

Health: -4/88      AC: 25    Str: 24    XL:     14   Next: 42%
Magic:  14/14      EV: 11    Int: 10    God:    Trog [***...]
Gold:   1134       SH:  0    Dex: 11    Spells: 13/13 levels left

rFire    . . .     SeeInvis +   s - +5 dagger (venom)
rCold    + . .     Gourm    .   (no shield)
rNeg     + . .     Faith    .   u - +0 chain mail "Ziowiowku" {rElec rF- Regen+ SInv} (curse)
rPois    ∞         Spirit   .   X - +2 hat
rElec    +         Reflect  +   x - +0 cloak
rCorr    .         Harm     .   P - +0 pair of gloves
MR       +....                  b - +1 pair of boots
Stlth    ..........             D - +2 amulet of reflection
HPRegen  0.64/turn              Q - ring of protection from cold
MPRegen  0.14/turn              V - ring of protection from fire

@: confused, berserk cooldown, slowed, very slow
A: antennae 1, big wings, agile 1, deformed body, negative energy resistance 1,
screaming 1, electricity resistance, unbreathing, petrification resistance, rot
immunity, subdued magic 2, AC +10
a: Fly, Berserk, Trog's Hand, Renounce Religion


You were on level 3 of the Pits of Slime.
You worshipped Trog.
Trog was most pleased with you.
You were not hungry.

You visited 3 branches of the dungeon, and saw 20 of its levels.
You also visited: Ice Cave.

You collected 1134 gold pieces.

Inventory:

Hand Weapons
 o - a +4 quarterstaff of flaming
 s - a +5 dagger of venom (weapon)
 t - a +3 battleaxe of electrocution
Missiles
 w - 14 boomerangs (quivered)
 z - 33 poisoned darts
 M - 7 curare-tipped darts
Armour
 b - a +1 pair of boots (worn)
 u - the cursed +0 chain mail "Ziowiowku" (worn) {rElec rF- Regen+ SInv}
   (You found it on level 4 of the Dungeon)

   It makes you vulnerable to fire.
   It insulates you from electricity.
   It lets you see invisible.
   It increases your rate of regeneration.
   It has a curse placed upon it.
 x - a +0 cloak (worn)
 C - a +0 pair of boots
 E - a +2 helmet
 P - a +0 pair of gloves (worn)
 U - +0 fire dragon scales
 X - a +2 hat (worn)
Jewellery
 a - an uncursed ring of stealth
 h - an uncursed ring of resist corrosion
 D - a +2 amulet of reflection (around neck)
 Q - a ring of protection from cold (left hand)
 V - a ring of protection from fire (right hand)
Wands
 d - a wand of iceblast (24)
 g - a wand of flame (29)
 n - a wand of polymorph (17)
 J - a wand of paralysis (26)
 N - a wand of acid (5)
 W - a wand of digging (6)
Scrolls
 e - 8 scrolls of teleportation
 k - a scroll of random uselessness {unknown}
 l - 2 scrolls of enchant armour {unknown}
 m - 8 scrolls of fear
 q - 10 scrolls of remove curse
 r - a scroll of enchant weapon
 v - 3 scrolls of magic mapping
 F - a scroll of vulnerability {unknown}
 G - 3 scrolls of identify
 K - 2 scrolls of fog
 T - 2 scrolls of silence
Potions
 c - a potion of might
 i - 2 potions of curing
 j - a potion of berserk rage {unknown}
 p - 3 potions of flight
 A - 3 potions of magic
 B - a potion of brilliance
 H - 5 potions of lignification
 L - 2 potions of agility
 R - 2 potions of haste
 Y - 3 potions of resistance {unknown}
 Z - a potion of cancellation
Miscellaneous
 y - a phial of floods
 O - 2 boxes of beasts
 S - a lamp of fire
Comestibles
 f - 17 rations


   Skills:
 + Level 10.0 Fighting
 * Level 12.5 Short Blades
   Level 5.1 Maces & Flails
 + Level 7.2 Throwing
 + Level 10.9 Armour
 + Level 5.1 Dodging
 + Level 2.1 Stealth
   Level 13.0 Shields
 + Level 0.7 Evocations


You had 13 spell levels left.
You didn't know any spells.
Your spell library contained the following spells:

 Spells                   Type           Power        Failure   Level  Hunger
 Animate Skeleton         Necr           N/A          83%         1    ##.....
 Apportation              Tloc           #.....       83%         1    ##.....
 Corona                   Hex            #......      83%         1    ##.....
 Pain                     Necr           #...         83%         1    ##.....
 Summon Small Mammal      Summ           #...         83%         1    ##.....
 Vampiric Draining        Necr           #.........   99%         3    ####...
 Animate Dead             Necr           N/A          100%        4    #####..
 Agony                    Necr           #.......     100%        5    ######.


Dungeon Overview and Level Annotations

Branches:
Dungeon (11/15)            Temple (0/1) D:5            Lair (6/6) D:11
 Shoals (0/4) Lair:3       Spider (0/4) Lair:3        Slime (2/5) Lair:5
    Orc (0/2) D:11          IceCv (visited)

Altars:
Cheibriados
Dithmenos
Fedhas
Gozag
Hepliaklqana
Nemelex Xobeh
Ru
Sif Muna
Trog
Wu Jian
Yredelemnul
The Shining One

Annotations:
D:3 1 runed translucent door, 4rrog3r's ghost, amateur HuHu
D:8 3 runed translucent doors, Perturabo's ghost, novice TrMo; paps's ghost, novice DsGl


Innate Abilities, Weirdness & Mutations

You are resistant to torment.
Your stone body is resilient. (AC +10)
You are immune to poison.
Your large and strong wings let you fly indefinitely.
You resist negative energy. (rN+)
You are resistant to electric shocks. (rElec)
You can survive without breathing.
You are immune to petrification.
You are immune to rotting.
You have a pair of small antennae on your head.
You are agile. (Dex +2)
Armour fits poorly on your strangely shaped body.
You occasionally shout uncontrollably at your foes.
Your spells are easier to cast, but less powerful.


Message History

You are splashed with acid!
You're too confused to move!
You are splashed with acid!
The golden eye blinks!
The azure jelly barely misses you. x3; The azure jelly completely misses you.
You feel a strong urge to attack something.
You are no longer berserk.
You are exhausted.
You feel yourself slow down. The azure jelly hits you.
The azure jelly freezes you! You resist.
The azure jelly hits you but does no damage. x3
You barely miss the golden eye. The golden eye blinks at you.
You are more confused.
You're too confused to move!
The golden eye turns its gaze towards you.
The azure jelly hits you. The azure jelly freezes you!! You resist.
* * * LOW HITPOINT WARNING * * *
The azure jelly hits you.
* * * LOW HITPOINT WARNING * * *
The azure jelly freezes you! You resist.
You die...

## ##.###
....####
##....#.##
........#
#......#
##....#
#.G@..#
#..J.##
#...##
#....#
#.#....#
#......##
##......
#.......
........


You could see an azure jelly and a golden eye.

Vanquished Creatures
  An acid blob (Slime:1)
  5 hydras
  2 two-headed ogres
  Erica (D:11)
  Urug (D:11)
  Pikel (D:7)
  A shining eye (Slime:1)
  A centaur zombie (D:11)
  3 oklob plants (Lair:4)
  3 black mambas
  3 ice statues (IceCv)
  2 molten gargoyles (Lair:6)
  7 spiny frogs
  4 rime drakes
  9 komodo dragons
  2 trolls (D:11)
  7 ice devils (IceCv)
  3 meliai (D:11)
  2 polar bears
  A hornet (D:11)
  3 blink frogs (Lair:2)
  13 dream sheep
  5 hippogriffs
  6 slime creatures (Slime:1)
  2 redbacks (Lair:3)
  2 wyverns (Lair:6)
  46 yaks
  5 basilisks
  A steam dragon (Lair:6)
  4 hogs (D:7)
  A human (D:7)
  A hungry ghost (D:11)
  An acid dragon (D:11)
  4 hell hounds (Lair:6)
  9 water moccasins
  A floating eye (Lair:4)
  9 porcupines
  4 slaves (D:7)
  3 sky beasts
  4 ogres
  4 orc warriors
  A phantom (D:8)
  3 ice beasts
  An eye of draining (D:9)
  2 necrophages (D:9)
  8 centaurs
  9 wolves
  9 crocodiles
  A big kobold (D:9)
  12 bullfrogs
  A scorpion (D:6)
  5 jellies
  9 killer bees
  3 wights (D:8)
  3 howler monkeys
  2 crimson imps (D:9)
  5 lava snakes
  3 draconian simulacra (IceCv)
  4 hounds
  9 orc priests
  A bullfrog skeleton (D:8)
  Jessica (D:2)
  7 orc wizards
  2 iguanas
  5 worker ants
  3 troll simulacra (IceCv)
  A spriggan simulacrum (IceCv)
  A centaur simulacrum (IceCv)
  A hound skeleton (D:11)
  A naga simulacrum (IceCv)
  7 adders
  An ogre simulacrum (IceCv)
  2 shadow imps
  2 oozes
  An adder zombie (D:8)
  3 adder skeletons
  3 worms
  5 dart slugs
  6 leopard geckos
  34 orcs
  2 ball pythons
  5 bats
  9 giant cockroaches
  10 goblins
  8 hobgoblins
  4 jackals
  14 kobolds
  7 quokkas
  2 frilled lizards
  A jackal skeleton (D:4)
  A leopard gecko skeleton (D:9)
  A quokka skeleton (D:5)
  6 rats
  A bush (Lair:4)
  A plant (Lair:3)
436 creatures vanquished.

Vanquished Creatures (collateral kills)
  A fire dragon (Lair:6)
  4 death yaks (Lair:6)
  2 lindwurms (Lair:6)
  A molten gargoyle (Lair:6)
  2 komodo dragons (Lair:6)
  3 blink frogs (Lair:6)
  8 yaks (Lair:6)
  A lava snake (Lair:6)
  A jelly (D:9)
23 creatures vanquished.

Vanquished Creatures (others)
  A necromancer (IceCv)
  A swamp drake (D:11)
  2 centaurs
  A howler monkey (D:11)
  An adder skeleton (D:5)
  2 orcs (D:11)
  A fungus (Lair:2)
  A plant (Lair:2)
10 creatures vanquished.

Grand Total: 469 creatures vanquished

Notes
Turn   | Place    | Note
-------+----------+-------------------------------------------
     0 | D:1      | TheCyberMonk the Gargoyle Fighter began the quest for the
                  | Orb.
     0 | D:1      | Reached XP level 1. HP: 14/14 MP: 1/1
   136 | D:1      | Reached XP level 2. HP: 15/19 MP: 2/2
   687 | D:1      | Reached XP level 3. HP: 20/23 MP: 3/3
   947 | D:2      | Found a hazy altar of Hepliaklqana.
  1314 | D:2      | Found an opulent altar of Gozag.
  1315 | D:2      | Found a sparkling altar of Nemelex Xobeh.
  1315 | D:2      | Noticed Jessica
  1336 | D:2      | Killed Jessica
  1336 | D:2      | Reached XP level 4. HP: 24/29 MP: 4/4
  1483 | D:2      | Found a glowing golden altar of the Shining One.
  1522 | D:2      | Found a basalt altar of Yredelemnul.
  1871 | D:3      | Found a runed translucent door.
  1873 | D:3      | Noticed 4rrog3r's ghost (amateur HuHu)
  2234 | D:3      | Reached XP level 5. HP: 33/33 MP: 5/5
  2610 | D:4      | Got a heavily runed chain mail
  2611 | D:4      | Identified the cursed +0 chain mail "Ziowiowku" {rElec rF-
                  | Regen+ SInv} (You found it on level 4 of the Dungeon)
  2634 | D:4      | Found a sacrificial altar of Ru.
  2772 | D:4      | Reached skill level 4 in Shields
  2808 | D:4      | Reached XP level 6. HP: 38/38 MP: 6/6
  2822 | D:4      | Reached skill level 1 in Short Blades
  2913 | D:4      | Found an ornate altar of the Wu Jian Council.
  2981 | D:5      | Entered Level 5 of the Dungeon
  3100 | D:5      | Found a staircase to the Ecumenical Temple.
  3197 | D:5      | Reached skill level 5 in Maces & Flails
  3294 | D:5      | Noticed an ice beast
  3308 | D:5      | Killed an ice beast
  3308 | D:5      | Reached XP level 7. HP: 30/43 MP: 7/7
  3963 | D:6      | Reached skill level 5 in Shields
  4268 | D:7      | Noticed a hog
  4268 | D:7      | Noticed a hog
  4268 | D:7      | Noticed a human
  4268 | D:7      | Noticed a hog
  4268 | D:7      | Noticed a hog
  4288 | D:7      | Killed a human
  4288 | D:7      | Reached skill level 5 in Armour
  4288 | D:7      | Reached XP level 8. HP: 48/48 MP: 8/8
  4298 | D:7      | Reached skill level 1 in Throwing
  4298 | D:7      | Reached skill level 1 in Dodging
  4298 | D:7      | Reached skill level 1 in Stealth
  4325 | D:7      | Reached skill level 5 in Fighting
  4325 | D:7      | Reached skill level 5 in Short Blades
  4474 | D:7      | Found a shadowy altar of Dithmenos.
  4558 | D:7      | Noticed Pikel
  4619 | D:7      | Killed Pikel
  4619 | D:7      | Reached skill level 6 in Shields
  4619 | D:7      | Reached XP level 9. HP: 54/54 MP: 9/9
  5404 | D:8      | Got a slimy scimitar
  5637 | D:8      | Reached skill level 7 in Shields
  5643 | D:8      | Found a runed translucent gate.
  5643 | D:8      | Found a runed translucent gate.
  5643 | D:8      | Found a runed translucent gate.
  5647 | D:8      | Noticed paps's ghost (novice DsGl)
  5647 | D:8      | Noticed Perturabo's ghost (novice TrMo)
  5683 | D:8      | Noticed a two-headed ogre
  5696 | D:8      | Killed a two-headed ogre
  5696 | D:8      | Reached XP level 10. HP: 56/60 MP: 10/10
  5703 | D:8      | Found a blossoming altar of Fedhas.
  6226 | D:9      | Found a bloodstained altar of Trog.
  6229 | D:9      | Became a worshipper of Trog the Wrathful
  6451 | D:9      | Found a snail-covered altar of Cheibriados.
  6490 | D:9      | Found a shimmering blue altar of Sif Muna.
  6621 | D:9      | Reached * piety under Trog
  6669 | D:9      | Paralysed by a crimson imp for 2 turns
  6744 | D:9      | Reached skill level 8 in Shields
  7138 | D:10     | Entered Level 10 of the Dungeon
  7183 | D:10     | Noticed a two-headed ogre
  7239 | D:10     | Killed a two-headed ogre
  7239 | D:10     | Reached XP level 11. HP: 41/66 MP: 11/11
  7418 | D:10     | Reached skill level 10 in Short Blades
  7572 | D:10     | Reached skill level 9 in Shields
  7901 | D:11     | Reached ** piety under Trog
  8230 | D:11     | Noticed Erica
  8250 | D:11     | Killed Erica
  8256 | D:11     | Found a staircase to the Lair.
  8348 | Lair:1   | Entered Level 1 of the Lair of Beasts
  8410 | Lair:1   | Noticed a five-headed hydra
  8463 | D:11     | Killed a five-headed hydra
  8463 | D:11     | Reached skill level 10 in Shields
  8761 | D:11     | Reached XP level 12. HP: 70/72 MP: 12/12
  8782 | D:11     | Noticed Urug
  8831 | D:11     | Killed Urug
  8992 | D:11     | Found a staircase to the Orcish Mines.
  9100 | D:11     | Reached *** piety under Trog
  9789 | Lair:1   | Noticed a four-headed hydra
  9806 | Lair:1   | Killed a four-headed hydra
 10193 | Lair:2   | Reached skill level 11 in Shields
 10422 | Lair:2   | Reached skill level 5 in Throwing
 10856 | Lair:3   | Reached **** piety under Trog
 11022 | Lair:3   | Found a staircase to the Shoals.
 11068 | Lair:3   | Reached XP level 13. HP: 78/78 MP: 13/13
 11289 | Lair:3   | Reached skill level 12 in Shields
 11455 | Lair:3   | Found a hole to the Spider Nest.
 11623 | Lair:4   | Paralysed by a floating eye for 3 turns
 11698 | Lair:4   | Found a frozen archway.
 11729 | IceCv    | Entered an ice cave
 12196 | IceCv    | Reached ***** piety under Trog
 12196 | IceCv    | Received a gift from Trog
 12489 | IceCv    | Gained mutation: You are agile. (Dex +2) [potion of
                  | mutation]
 12489 | IceCv    | Gained mutation: Armour fits poorly on your strangely
                  | shaped body. [potion of mutation]
 12489 | IceCv    | Gained mutation: You have a pair of small antennae on your
                  | head. [potion of mutation]
 12978 | Lair:4   | Paralysed by a floating eye for 2 turns
 12981 | Lair:4   | Paralysed by a floating eye for 4 turns
 12995 | Lair:4   | Paralysed by a floating eye for 3 turns
 13021 | Lair:4   | Paralysed by a floating eye for 2 turns
 13032 | Lair:4   | Paralysed by a floating eye for 4 turns
 13042 | Lair:4   | Paralysed by a floating eye for 3 turns
 13049 | Lair:4   | Paralysed by a floating eye for 4 turns
 13073 | Lair:4   | Paralysed by a floating eye for 4 turns
 13264 | Lair:4   | HP: 2/80 [acid (14)]
 13608 | Lair:4   | You fall into a shaft and drop 2 floors!
 13608 | Lair:6   | Entered Level 6 of the Lair of Beasts
 13898 | Lair:5   | Reached skill level 13 in Shields
 13907 | Lair:5   | Found a staircase to the Slime Pits.
 14850 | Lair:6   | Reached skill level 10 in Armour
 14865 | Lair:6   | Gained mutation: Your large and strong wings let you fly
                  | indefinitely. [Gargoyle growth]
 14865 | Lair:6   | Reached XP level 14. HP: 56/86 MP: 14/14
 15154 | Lair:6   | Received a gift from Trog
 15860 | Lair:6   | Found a large runed translucent door.
 15860 | Lair:6   | Found a large runed translucent door.
 15876 | Lair:6   | Reached skill level 5 in Dodging
 15895 | Lair:6   | HP: 1/87 [lindwurm/blast of flame (30)]
 16710 | Slime:1  | Entered Level 1 of the Pits of Slime
 16894 | Slime:1  | Gained mutation: You occasionally shout uncontrollably at
                  | your foes. [a shining eye]
 16897 | Slime:1  | Gained mutation: Your spells are a little easier to cast,
                  | but a little less powerful. [a shining eye]
 16900 | Slime:1  | Gained mutation: Your spells are easier to cast, but less
                  | powerful. [a shining eye]
 16989 | Slime:2  | Noticed an acid blob
 17006 | Slime:1  | Killed an acid blob
 17006 | Slime:1  | Reached skill level 10 in Fighting
 17126 | Slime:2  | You fall into a shaft and drop 1 floor!
 17126 | Slime:3  | Noticed an azure jelly
 17141 | Slime:3  | Slain by an azure jelly

Levels and vault maps discovered:
D:1:      ebering_hopf_link, layout_basic, minmay_3d_cube
D:2:      layout_basic, marbit_many_paths, lemuel_crystal_altar,
          nicolae_overflow_crystal_walls, grunt_temple_overflow_opulence,
          uniq_jessica
D:3:      layout_basic, ebering_ghost_reflecting_pool, gup_sewer_entry_pipe
D:4:      layout_basic, lemuel_doored_altar, lemuel_crystal_altar, first_ration
D:5:      layout_basic, minmay_temple_entry_stoned_glass
D:6:      layout_basic, kennysheep_generic_room_16
D:7:      layout_basic, eino_tiny_chamber, grunt_livestock,
          nicolae_dithmenos_through_a_glass_darkly, uniq_pikel
D:8:      layout_loops_ring, kennysheep_mini_moat, gammafunk_ghost_cemetery,
          chequers_avenue
D:9:      layout_irregular_city, kennysheep_mini, basic_altar,
          minmay_misc_feat_enclosed, minivault_10, led_sif_pool
D:10:     layout_rooms, minmay_misc_feat_rugged
D:11:     layout_loops_ring, david_lair_generic, erik_orc_1, uniq_urug,
          uniq_erica
Lair:1:   layout_regular_city, fungi_pond_lemuel
Lair:2:   layout_misc_corridors, grunt_megastairs_3
Lair:3:   layout_hall_layers, minmay_shoals_entry_centaurs,
          spider_nest_entry_webs, grunt_megastairs_5, lemuel_fruit_tree
Lair:4:   layout_gridlike, portal_ice_cave_rime, disabler_island
Lair:5:   layout_cave_shapes, slime_dummy
Lair:6:   cheibrodos_lair_end_hotspot, layout_regular_city
Slime:1:  layout_caves
Slime:2:  layout_caves
Slime:3:  layout_caves

Skill      XL: |  1  2  3  4  5  6  7  8  9 10 11 12 13 14 |
---------------+-------------------------------------------+-----
Maces & Flails | 3 4 5 |  5.1
Fighting       | 4 5 6 7 8 9 10 | 10.0
Shields        | 4 5 6 7 8 10 11 13 | 13.0
Armour         | 4 5 6 8 9 10 | 10.9
Short Blades   | 1 3 6 7 9 10 11 12 | 12.5
Throwing       | 1 2 3 5 6 7 |  7.2
Dodging        | 1 2 3 4 5 |  5.1
Stealth        | 1 2 |  2.1
Evocations     | |  0.7

Action                   |  1- 3 |  4- 6 |  7- 9 | 10-12 | 13-15 || total
-------------------------+-------+-------+-------+-------+-------++-------
Melee: Flail             |   116 |   269 |       |       |       ||   385
       Dagger            |       |     9 |   389 |  1312 |  1213 ||  2923
Throw: Dart              |       |     8 |    18 |    83 |       ||   109
       Boomerang         |       |       |       |     8 |   117 ||   125
Invok: Berserk           |       |       |       |     6 |    12 ||    18
       Brothers in Arms  |       |       |       |       |     5 ||     5
       Trog's Hand       |       |       |       |       |     1 ||     1
Evoke: Box of beasts     |       |       |       |     2 |       ||     2
       Lamp of fire      |       |       |       |       |     1 ||     1
       Wand              |       |       |       |       |     1 ||     1
  Use: Scroll            |     2 |     4 |     3 |    12 |    10 ||    31
       Potion            |       |     1 |       |     9 |     9 ||    19
 Stab: Confused          |       |       |       |     1 |       ||     1
  Eat: Chunk             |     1 |     5 |     3 |     4 |     8 ||    21
       Ration            |       |     1 |     1 |     7 |     7 ||    16
Armor: Scale mail        |    71 |    77 |       |       |       ||   148
       Chain mail        |       |    84 |   115 |   387 |   406 ||   992
Dodge: Dodged            |    47 |    74 |    60 |   193 |   260 ||   634
Block: Shield            |    78 |   147 |   150 |   557 |   299 ||  1231
       Reflection        |       |       |       |    17 |    10 ||    27
       Other             |       |       |       |       |    21 ||    21

Table legend:
 A = Non-vault XP
 B = Vault XP
 C = Vault XP percentage of total XP
 D = Non-vault monster count
 E = Vault monster count
 F = Vault count percentage of total count
                 A         B        C        D         E       F
            +---------+---------+-------+---------+---------+-------
      Total |   47883 |   19931 |  29.4 |     354 |     105 |  22.9
            +---------+---------+-------+---------+---------+-------
        D:1 |      29 |       8 |  21.6 |      16 |       5 |  23.8
        D:2 |      35 |      42 |  54.5 |      14 |       2 |  12.5
        D:3 |      54 |      17 |  23.9 |      20 |       7 |  25.9
        D:4 |     170 |       0 |   0.0 |      17 |       0 |   0.0
        D:5 |     380 |       0 |   0.0 |      11 |       0 |   0.0
        D:6 |     395 |       0 |   0.0 |      15 |       0 |   0.0
        D:7 |     432 |    1566 |  78.4 |      12 |       6 |  33.3
        D:8 |    1681 |       0 |   0.0 |      16 |       0 |   0.0
        D:9 |    2831 |       0 |   0.0 |      36 |       0 |   0.0
       D:10 |    3691 |       0 |   0.0 |      34 |       0 |   0.0
       D:11 |    5981 |    3034 |  33.7 |      35 |      22 |  38.6
     Lair:1 |    2129 |       0 |   0.0 |       9 |       0 |   0.0
     Lair:2 |    5526 |    1515 |  21.5 |      24 |       7 |  22.6
     Lair:3 |    3936 |     927 |  19.1 |      17 |       5 |  22.7
     Lair:4 |    4067 |    2597 |  39.0 |      24 |       6 |  20.0
     Lair:5 |    2154 |       0 |   0.0 |       8 |       0 |   0.0
     Lair:6 |   10007 |    6223 |  38.3 |      38 |      25 |  39.7
    Slime:1 |    4385 |       0 |   0.0 |       8 |       0 |   0.0
      IceCv |       0 |    4002 | 100.0 |       0 |      20 | 100.0
            +---------+---------+-------+---------+---------+-------
